 Dungeon Crawl Stone Soup version 0.32-a0-872-g59262bdc9b (webtiles) character file.

Game seed: 11346942918622511067

2 DevastatorOne the Sneak (level 1, 13/13 HPs)
             Began as a Vampire Enchanter on Dec 24, 2022.
             Safely got out of the dungeon.
             The game lasted 00:03:05 (136 turns).

DevastatorOne the Sneak (Vampire Enchanter)          Turns: 136, Time: 00:03:06

Health: 13/13      AC:  2    Str:  7    XL:     1   Next: 33%
Magic:  3/3        EV: 11    Int: 17    God:
Gold:   5          SH:  0    Dex: 14    Spells: 4/4 levels left

rFire   . . .        a - +1 dagger
rCold   . . .        (no shield)
rNeg    . . .        b - +0 robe
rPois   .            (no helmet)
rElec   .            (no cloak)
rCorr   .            (no gloves)
SInv    +            (no boots)
Will    .....        (no amulet)
Stlth   +++          (no ring)
HPRegen 0.42/turn    (no ring)
MPRegen 0.08/turn

%: no passive effects
@: healing quickly
A: alive, fangs 3, see invisible, vampiric 1
a: Exsanguinate


You escaped.
You visited 1 branch of the dungeon, and saw 1 of its levels.

You collected 5 gold pieces.

Inventory:

Hand Weapons
 a - a +1 dagger (weapon)
Armour
 b - a +0 robe (worn)
Scrolls
 e - 3 scrolls of identify {unknown}
Potions
 c - 2 potions of invisibility
 d - a potion of enlightenment {unknown}
 f - a potion of curing {unknown}


   Skills:
 + Level 1.1 Short Blades
 + Level 2.1 Dodging
 + Level 4.6 Stealth
 + Level 2.0 Spellcasting
 + Level 4.4 Hexes


You had 4 spell levels left.
You didn't know any spells.
Your spell library contained the following spells:

 Spells                   Type           Power      Damage    Failure   Level
 Confusing Touch          Hex            17%        N/A       9%          3
 Tukima's Dance           Hex            17%        N/A       9%          3
 Ensorcelled Hibernation  Hex/Ice        18%        N/A       12%         2
 Dazzling Flash           Conj/Hex       18%        N/A       22%         3


Dungeon Overview and Level Annotations

Branches:
Dungeon (1/15)

Altars:


Innate Abilities, Weirdness & Mutations

Your natural rate of healing is accelerated.
You have razor-sharp teeth.
You have supernaturally acute eyesight. (SInv)
You are afflicted with vampirism.


Message History

The helpless hobgoblin fails to defend itself.
You impale the hobgoblin!!
You kill the hobgoblin!
No target in view!
d - a bubbling coppery potion Why would you want to do that?
You see here a +0 ring mail.
You see here a +0 sling.
You now have 5 gold pieces.
e - a scroll labelled LIUPAXT WYUMM
f - a glowing yellow potion
e - 3 scrolls labelled LIUPAXT WYUMM (gained 2)
A ball python comes into view.
A ball python is nearby!
You see here a +0 ring mail.
The ball python hisses angrily.
Found a stone staircase leading down.
The ball python bites you. The ball python grabs you.
The ball python constricts you. The ball python bites you.
The ball python constricts you.
You hit the ball python but do no damage.
The ball python bites you but does no damage.
The ball python constricts you.
You hit the ball python but do no damage.
The ball python bites you but does no damage.
The ball python constricts you.
You hit the ball python.
You kill the ball python!
No target in view!
No target in view!
Okay, then.
Save game and exit?
Welcome back, DevastatorOne the Vampire Enchanter.
Press ? for a list of commands and other information.
HP restored.
You see here a ball python corpse.
You enter the shallow water.
Moving in this stuff is going to be slow.
There is a large open door here.
There is a staircase leading out of the dungeon here.
You have escaped!

#.....†............# ##
#..#.####..........###
......... #....§§.......
###....#..#~~~≈≈≈≈~~~...
#.#..##..~ß~§≈§~~ß~###
...#..####~~ß~~~~ß~~###
###........≈~~#''#~~≈...
......###≈≈~#..#~≈≈###
#≈≈~#.@#~≈≈#
#≈~~####~~≈...
..§~ß~~~~ß~~##.
#.§ß~~≈§~~ß~..
#.~~~≈≈≈§~~~##.
###....##.... ....#
..... .###. .....


There were no monsters in sight!

Vanquished Creatures
  A hobgoblin (D:1)
  2 ball pythons (D:1)
3 creatures vanquished.

Notes
Turn   | Place    | Note
-------+----------+-------------------------------------------
     0 | D:1      | DevastatorOne the Vampire Enchanter began the quest for the
                  | Orb.
     0 | D:1      | Reached XP level 1. HP: 13/13 MP: 3/3
   114 | D:1      | Upgraded the game from 0.30-a0-533-g4794bfbd1c to
                  | 0.32-a0-872-g59262bdc9b
   136 | D:$      | Safely got out of the dungeon.

Illustrated notes

Levels and vault maps discovered:
D:1:      lightli_arrival_boilingwater, layout_rooms, serial_shops,
          shop_fountains

Action                     || total
---------------------------++-------
  Melee: Dagger            ||    11
   Stab: Sleeping          ||     1
 Armour: Robe              ||     4
  Dodge: Dodged            ||     5

Table legend: (Time is in decaauts)
 A = Elapsed time spent in this place.
 B = Non-inter-level travel time spent in this place.
 C = Inter-level travel time spent in this place.
 D = Time resting spent in this place.
 E = Time spent auto-exploring this place.
 F = Levels seen in this place.
 G = Mean time per level.
                   A        B        C        D        E       F      G
               +--------+--------+--------+--------+--------+-----+--------+
         Total |    139 |    117 |     22 |      8 |      6 |   1 |  139.0 |
       Dungeon |    139 |    117 |     22 |      8 |      6 |   1 |  139.0 |
               +--------+--------+--------+--------+--------+-----+--------+

Top non-repeatable levels by time:
     D:1: 139 daAuts
